 Dungeon Crawl Stone Soup version 0.26.0-20-g3ca415f5b8 (webtiles) character file.

Game seed: 17745670556603388304

2197 RaHiT the Covert (level 9, -3/63 (64) HPs)
             Began as an Octopode Delver on Jan 25, 2021.
             Was a Priest of Cheibriados.
             Slain by a wight
             ... wielding a cursed +3 halberd
              (10 damage)
             ... on level 7 of the Dungeon.
             The game lasted 00:55:02 (7050 turns).

RaHiT the Covert (Octopode Delver)                  Turns: 7050, Time: 00:55:02

HP:   -3/63 (64)    AC:  1    Str: 16    XL:     9   Next: 34%
MP:   10/10         EV: 24    Int: 29    God:    Cheibriados [***...]
Gold: 133           SH:  0    Dex: 28    Spells: 10/10 levels left

rFire    . . .     SeeInvis .     - Unarmed
rCold    . . .     Faith    .   (no shield)
rNeg     . . .     Spirit   .   (helmet restricted)
rPois    .         Reflect  .   (no amulet)
rElec    +         Harm     .   p - +6 ring of intelligence
rCorr    .         Rampage  .   u - ring of stealth
Will     .....                  B - +6 ring of dexterity (curse)
Stlth    +++++++...             D - ring of Lempi {rElec EV+4}
HPRegen  0.20/turn              (no ring)
MPRegen  0.12/turn              (no ring)
                                (no ring)
                                (no ring)

@: marked, lightly drained, very slow
A: almost no armour, stealthy swim, amphibious, 8 rings, constrict 8, beak,
camouflage 1, agile 1, weak 1, gelatinous body 1
a: Renounce Religion, Bend Time, Temporal Distortion


You were on level 7 of the Dungeon.
You worshipped Cheibriados.
Cheibriados was most pleased with you.
You visited 2 branches of the dungeon, and saw 9 of its levels.

You collected 301 gold pieces.
You spent 168 gold pieces at shops.

Inventory:

Hand Weapons
 s - a +2 dagger of venom
 A - a +3 long sword of freezing
Missiles
 g - 30 poisoned darts (quivered)
 i - 205 stones
 q - 145 arrows
 x - 6 silver javelins
 y - 54 bolts
 C - 2 throwing nets
Jewellery
 p - a +6 ring of intelligence (left tentacle)
 u - a ring of stealth (right tentacle)
 B - a cursed +6 ring of dexterity (on tentacle)
 D - the ring of Lempi (on tentacle) {rElec EV+4}
   (You found it on level 7 of the Dungeon)

   [ring of evasion]

   It affects your evasion (+4).
   It insulates you from electricity.
Wands
 a - a wand of polymorph (12)
 e - a wand of digging (2)
Scrolls
 b - 5 scrolls of magic mapping
 f - a scroll of teleportation
 h - 4 scrolls of remove curse
 j - 3 scrolls of enchant armour
 k - a scroll of enchant weapon
 l - a scroll of blinking
 r - 2 scrolls of noise
 t - 2 scrolls of immolation
 w - a scroll of identify
Potions
 d - 4 potions of haste
 m - 2 potions of magic
 n - a potion of brilliance {unknown}
 o - a potion of berserk rage
 v - 3 potions of attraction
 z - a potion of flight


   Skills:
 - Level 7.0 Fighting
 - Level 4.0 Throwing
 + Level 6.9 Dodging
 - Level 8.0 Stealth
 - Level 6.0 Unarmed Combat
 - Level 1.0 Spellcasting
 - Level 1.0 Evocations


You had 10 spell levels left.
You didn't know any spells.
Your spell library contained the following spells:

 Spells                   Type           Power        Failure   Level
 Corona                   Hex            1%           10%         1
 Magic Dart               Conj           4%           10%         1
 Ensorcelled Hibernation  Hex/Ice        2%           14%         2
 Searing Ray              Conj           2%           14%         2
 Confusing Touch          Hex            1%           28%         3
 Dazzling Flash           Conj/Hex       2%           28%         3
 Tukima's Dance           Hex            1%           28%         3
 Fulminant Prism          Conj/Hex       0%           67%         4
 Iskenderun's Mystic Bla  Conj/Tloc      1%           67%         4


Dungeon Overview and Level Annotations

Branches:
Dungeon (8/15)             Temple (1/1) D:4
   Lair: D:8-11

Altars:
Ashenzari
Cheibriados
Dithmenos
Hepliaklqana
Nemelex Xobeh
Okawaru
Qazlal
Ru
Sif Muna
Wu Jian
Xom
The Shining One

Shops:
D:5 !   D:7 =

Annotations:
D:2 Natasha
D:3 exclusion: steam dragon
D:7 Harold, Menkaure


Innate Abilities, Weirdness & Mutations

You cannot wear most types of armour.
You are very stealthy in the water. (Stealth+)
You are amphibious.
You can wear up to eight rings at the same time.
You can use your tentacles to constrict eight enemies at once.
Your skin changes colour to match your surroundings (Stealth+).
Your rubbery body absorbs attacks. (AC +1, EV +1)
You have a beak for a mouth.
You are agile. (Dex +2)
You are weak. (Str -2)


Message History

Cheibriados appreciates the change of pace.
You swing at nothing.
You swing at nothing.
Unknown command.
Items here: )) ? [ ††.
Unknown command.
There is a stone staircase leading up here.
The orc warrior misses you.
You climb upwards.
Level annotation: Harold, Menkaure
There is a stone staircase leading down here.
The centaur wields a +0 shortbow.
The centaur shoots an arrow.
The arrow hits you!
* * * LOW HITPOINT WARNING * * *
You see here an arrow.
The centaur shoots an arrow.
The arrow closely misses you.
The centaur shoots an arrow.
The arrow barely misses you.
The centaur shoots an arrow.
The arrow closely misses you.
The wight hits you from afar with a cursed +3 halberd!
You die...

####..###...
##..##... ##..#...
##.#... #.####
#..#
##############.###
#(.........# #...#
#@.z(.c..)[# ###..
#....Z.....# ###
#......>z..# #
#..........#######
#..(...........>z.
#..........######(
#..........##.h(..
#..........##oo...
#..........##...(W


You could see a centaur, 2 wights and a bullfrog skeleton.

Vanquished Creatures
  A hornet (D:7)
  Eustachio (D:6)
  Edmund (D:6)
  An ice beast (D:6)
  3 orc warriors
  3 ogres (D:7)
  3 centaurs
  Blork the orc (D:5)
  2 bullfrogs
  2 hounds
  2 orc priests
  2 jellies
  A centaur skeleton (D:6)
  9 orc wizards
  2 iguanas
  Ijyb (D:5)
  3 worker ants
  A worker ant zombie (D:6)
  4 adders
  A shadow imp (D:7)
  2 white imps
  3 worms
  4 leopard geckos
  14 orcs
  2 giant cockroaches
  3 goblins
  6 hobgoblins
  2 jackals (D:3)
  2 quokkas
  A ball python (D:5)
  4 bats
  2 giant cockroach zombies
  6 kobolds
  A quokka skeleton (D:6)
  5 rats
101 creatures vanquished.

Notes
Turn   | Place    | Note
-------+----------+-------------------------------------------
     0 | D:5      | RaHiT the Octopode Delver began the quest for the Orb.
     0 | D:5      | Reached XP level 1. HP: 16/16 MP: 1/1
    47 | D:5      | Found a hazy altar of Hepliaklqana.
    49 | D:5      | Noticed a jelly
   142 | D:4      | Found a staircase to the Ecumenical Temple.
   151 | Temple   | Entered the Ecumenical Temple
   162 | Temple   | Became a worshipper of Cheibriados the Contemplative
   224 | D:4      | Found an iron altar of Okawaru.
   525 | D:2      | Reached XP level 2. HP: 21/21 MP: 2/2
   722 | D:1      | Reached skill level 7 in Stealth
   789 | D:1      | Reached skill level 1 in Evocations
   857 | D:1      | Reached * piety under Cheibriados
  1271 | D:2      | Reached skill level 1 in Spellcasting
  1271 | D:2      | Reached XP level 3. HP: 18/26 MP: 4/4
  1287 | D:2      | Found a faded altar of an unknown god.
  1306 | D:2      | Found a shimmering blue altar of Sif Muna.
  1372 | D:2      | Noticed Natasha
  1964 | D:3      | Reached XP level 4. HP: 31/31 MP: 5/5
  2604 | D:3      | Noticed a steam dragon
  2853 | D:4      | Found a stormy altar of Qazlal.
  3315 | D:5      | Reached skill level 1 in Throwing
  3315 | D:5      | Found a sacrificial altar of Ru.
  3370 | D:5      | Noticed a centaur
  3383 | D:5      | Killed a centaur
  3384 | D:5      | Reached XP level 5. HP: 6/36 MP: 6/6
  3399 | D:5      | Noticed Ijyb
  3444 | D:5      | Killed Ijyb
  3475 | D:5      | Found Saicenoe's Distillery.
  3491 | D:5      | Reached XP level 6. HP: 18/42 MP: 7/7
  3492 | D:5      | Noticed Blork the orc
  3983 | D:5      | HP: 2/42 [centaur (10)]
  4701 | D:5      | Killed Blork the orc
  4706 | D:5      | Bought a potion of curing for 36 gold pieces
  4706 | D:5      | Bought a potion of lignification for 36 gold pieces
  4706 | D:5      | Bought a potion of attraction for 36 gold pieces
  4706 | D:5      | Bought a potion of heal wounds for 60 gold pieces
  4876 | D:6      | Noticed an orc warrior
  5176 | D:6      | Reached skill level 8 in Stealth
  5176 | D:6      | Reached XP level 7. HP: 39/46 MP: 8/8
  5405 | D:6      | Reached ** piety under Cheibriados
  5431 | D:6      | Noticed Edmund
  5535 | D:6      | Noticed Eustachio
  5542 | D:6      | Killed Eustachio
  5556 | D:6      | Reached skill level 5 in Fighting
  5560 | D:6      | Reached XP level 8. HP: 39/55 MP: 9/9
  5614 | D:6      | Killed Edmund
  5615 | D:6      | Reached skill level 5 in Dodging
  5626 | D:6      | Reached skill level 5 in Unarmed Combat
  6170 | D:6      | Gained mutation: You are agile. (Dex +2) [potion of
                  | mutation]
  6170 | D:6      | Gained mutation: You are weak. (Str -2) [potion of
                  | mutation]
  6170 | D:6      | Gained mutation: You have a beak for a mouth. [potion of
                  | mutation]
  6233 | D:6      | Found a broken altar of Ashenzari.
  6328 | D:7      | Noticed Menkaure
  6328 | D:7      | Noticed Harold
  6389 | D:7      | Found Qiuklint's Jewellery Boutique.
  6437 | D:7      | Got a slimy amber ring
  6438 | D:7      | Identified the ring of Lempi {rElec EV+4} (You found it on
                  | level 7 of the Dungeon)
  6581 | D:7      | Reached XP level 9. HP: 3/62 MP: 10/10
  6589 | D:7      | Noticed a hornet
  6594 | D:7      | Killed a hornet
  6594 | D:7      | Reached *** piety under Cheibriados
  6621 | D:7      | HP: 3/64 [orc wizard/magic dart (11)]
  7021 | D:8      | Identified the cursed +0 scale mail of Negation {Rampage
                  | rF++ rC- rCorr}
  7050 | D:7      | Slain by a wight

Illustrated notes

Levels and vault maps discovered:
D:1:      elethiomel_arrival_maze, layout_basic, minmay_misc_feat_roman,
          supply_closet_lemuel, minmay_stone_trees_medium
D:2:      layout_basic, lemuel_doored_altar,
          chequers_ecumenical_altar_simple_redux, uniq_natasha
D:3:      layout_basic
D:4:      layout_basic, nicolae_qazlal_general_emergency,
          minmay_temple_entry_antechambers, okawaru_ov_weapons_minmay
D:5:      layout_loops_cross, chequers_temple_overflow_statue_of_worship,
          serial_shops, shop, kennysheep_donut, uniq_ijyb, uniq_blork_the_orc
D:6:      layout_loops_cross, kennysheep_mini, nicolae_water_bricks,
          uniq_edmund, uniq_eustachio
D:7:      layout_rooms, general_overflow_altar, serial_shops, shop,
          uniq_menkaure, uniq_harold
D:8:      layout_basic, kennysheep_ying_yang, lair_entry_dummy,
          nrook_pool_corridor, dk_noncrumbling_2,
          amcnicky_mini_rare_corridor_liquid
Temple:   eino_temple_water

Skill      XL: |  1  2  3  4  5  6  7  8  9 |
---------------+----------------------------+-----
Stealth        | 7 8 |  8.0
Evocations     | 1 |  1.0
Spellcasting   | 1 |  1.0
Dodging        | 3 4 6 |  6.9
Throwing       | 1 2 4 |  4.0
Unarmed Combat | 3 4 6 |  6.0
Fighting       | 5 6 7 |  7.0

Action                   |  1- 3 |  4- 6 |  7- 9 || total
-------------------------+-------+-------+-------++-------
Melee: Unarmed           |    59 |   103 |   134 ||   296
       Tentacles         |    12 |    24 |    39 ||    75
       Constrict         |    15 |    11 |    33 ||    59
       Punch             |     2 |     3 |    13 ||    18
       Dagger            |       |     3 |     1 ||     4
       Peck              |       |       |    26 ||    26
Throw: Stone             |       |    21 |    11 ||    32
       Dart              |       |    15 |    36 ||    51
       Boomerang         |       |       |     3 ||     3
Evoke: Wand              |       |       |     1 ||     1
  Use: Scroll            |     9 |     5 |     7 ||    21
       Potion            |       |     5 |     5 ||    10
 Stab: Sleeping          |    13 |    10 |     5 ||    28
       Distracted        |       |       |     1 ||     1
       Invisible         |       |       |     1 ||     1
Armor: Skin              |     7 |     2 |    10 ||    19
Dodge: Dodged            |    39 |    69 |    86 ||   194
